AoeStats
← ✪ BlackJack

Arena

510580864Analyzed
1v1 RM · 1d ago on Oct 1, 2026· 35m 16s· 2 players
Game mode
Random Map
Map size
Tiny (2 player)
Population
200
Speed
Normal
Resources
Standard
Victory
Conquest
Starting age
Dark Age
Ending age
Imperial Age
RankedLock teamsTeams togetherTeam positionsShared explorationLock speedFull tech treeHidden civsTurbo modeCheats
Victory
Defeat
🇹🇷 Spanish · Türkiye
1206
+16
🇲🇽 Slavs · Mexico
1205
-16
LVH| Oskar Von Arnim
10:43 Feudal Age
14:17 Castle Age
12:27 Double-Bit Axe
13:31 Stone Mining
16:36 Fletching
16:57 Loom
26:47 Redemption
28:29 Husbandry
29:17 Horse Collar
32:58 Bloodlines
✪ BlackJack
10:35 Feudal Age
14:27 Castle Age
13:45 Loom
16:36 Double-Bit Axe
23:35 Horse Collar
28:31 Imperial Age
28:22 Wheelbarrow
29:54 Ballistics
30:38 Chemistry
30:08 Bow Saw
30:00 Heavy Plow
31:28 Fletching
31:38 Padded Archer Armor
31:36 Gold Mining
Connection lost

Rejoining the realm…

Still unreachable

The connection could not be restored.

Session expired

The server has moved on; the page needs a fresh start.